 Dungeon Crawl Stone Soup version 0.22-a0-406-g9ff8d77 (webtiles) character file.

220912 dstrtnsr the Demolition Dwarf (level 18, -4/165 HPs)
             Began as a Deep Dwarf Fighter on May 8, 2018.
             Was an Elder of Makhleb.
             Slain by a spriggan berserker
             ... wielding a +0 hand axe
              (22 damage)
             ... on level 1 of the Depths.
             The game lasted 00:41:29 (21348 turns).

dstrtnsr the Demolition Dwarf (Deep Dwarf Fighter) Turns: 21348, Time: 00:41:30

Health: -4/165     AC: 17    Str: 28    XL:     18   Next: 5%
Magic:  11/11      EV: 12    Int:  9    God:    Makhleb [****..]
Gold:   422        SH: 17    Dex: 10    Spells: 17/17 levels left

rFire    . . .     SeeInvis +   G - +2 war axe (vamp)
rCold    + . .     Gourm    .   c - +0 shield
rNeg     + . .     Faith    .   w - +0 ice dragon scales
rPois    +         Spirit   .   g - +2 helmet {SInv}
rElec    +         Reflect  +   h - scarf {repulsion}
rCorr    .         Harm     .   (no gloves)
MR       +++..                  (no boots)
Stlth    ..........             i - +4 amulet of reflection
HPRegen  0.00/turn              B - ring of fire
MPRegen  0.12/turn              N - ring "Aqed" {rElec rPois MR+ MP+9 Dex-2}

@: non-regenerating, drained, repel missiles
A: damage resistance, heal wounds, negative energy resistance 1, sense
surroundings 3, no regeneration
}: 2/15 runes: decaying, gossamer
a: Heal Wounds, Minor Destruction, Lesser Servant of Makhleb, Major Destruction,
Renounce Religion


You were on level 1 of the Depths.
You worshipped Makhleb.
Makhleb was greatly pleased with you.
You were hungry.

You visited 6 branches of the dungeon, and saw 32 of its levels.
You visited 1 bazaar.

You collected 1608 gold pieces.
You spent 1186 gold pieces at shops.

Inventory:

Hand Weapons
 a - a +1 war axe
 t - a +1 vampiric war axe
 G - a +2 vampiric war axe (weapon)
 M - a +3 broad axe
Missiles
 A - 2 throwing nets (quivered)
Armour
 c - a +0 shield (worn)
 g - a +2 helmet of see invisible (worn)
 h - a scarf of repulsion (worn)
 w - +0 ice dragon scales (worn)
Jewellery
 i - a +4 amulet of reflection (around neck)
 B - a ring of fire (left hand)
 N - the ring "Aqed" (right hand) {rElec rPois MR+ MP+9 Dex-2}
   (You bought it in a shop on level 1 of the Depths)

   [ring of magical power]

   It affects your dexterity (-2).
   It insulates you from electricity.
   It protects you from poison.
   It affects your resistance to hostile enchantments.
   It affects your magic capacity (+9).
Wands
 C - a wand of acid (10)
 H - a wand of clouds (11)
 J - a wand of disintegration (11)
 P - a wand of paralysis (17)
 V - a wand of digging (53)
Scrolls
 l - 7 scrolls of remove curse {@r2}
 o - a scroll of silence
 p - 3 scrolls of teleportation {!d}
 q - 2 scrolls of vulnerability
 u - 6 scrolls of enchant armour
 v - 3 scrolls of magic mapping
 E - 4 scrolls of immolation
 F - a scroll of holy word
 I - a scroll of fear
 T - 2 scrolls of enchant weapon
 W - 3 scrolls of identify {@r1}
Potions
 b - 9 potions of heal wounds
 d - 2 potions of might
 f - 4 potions of flight
 j - 2 potions of agility
 k - 11 potions of curing {@qq}
 m - a potion of brilliance
 n - 4 potions of cancellation
 r - 5 potions of lignification
 s - 3 potions of magic
 x - 3 potions of mutation
 z - 4 potions of invisibility
 L - 2 potions of ambrosia
 Q - a potion of resistance
Miscellaneous
 y - a lightning rod (4/4)
 O - a phial of floods
Comestibles
 e - 45 rations {!d}
 D - 13 chunks of flesh


   Skills:
 + Level 11.2(11.1) Fighting
 * Level 17.2(17.1) Axes
 + Level 13.1(13.0) Armour
 + Level 6.5(6.4) Dodging
 + Level 13.0(12.9) Shields
 * Level 19.5(19.3) Invocations
 - Level 10.0(9.8) Evocations


You had 17 spell levels left.
You didn't know any spells.

Dungeon Overview and Level Annotations

Branches:
Dungeon (15/15)            Temple (1/1) D:4            Lair (6/6) D:8
  Swamp (4/4) Lair:3       Spider (4/4) Lair:3        Slime (0/5) Lair:5
    Orc (0/2) D:12         Vaults (0/5) D:13         Depths (2/5) D:15

Altars:
Ashenzari
Cheibriados
Elyvilon
Gozag
Hepliaklqana
Makhleb
Nemelex Xobeh
Trog
Xom
Zin
The Shining One

Shops:
D:11 [   D:13 (   Depths:1 }=}

Portals:
Hell: Depths:2


Innate Abilities, Weirdness & Mutations

You are resistant to damage.
You can heal yourself by infusing magical energy.
You resist negative energy. (rN+)
You passively map a large area around you.
You do not regenerate.


Message History

The spriggan berserker prays to Trog.
The death yak goes berserk!
Your neqoxec barely misses the ice dragon.
Your hellwing completely misses the ice dragon.
Your hellwing hits the ice dragon but does no damage.
Unknown command.
Unknown command.
The death yak rages.
The ice dragon bites your hellwing. The ice dragon claws your hellwing!
The ice dragon tramples your hellwing.
Your hellwing is shoved backwards!
Your neqoxec closely misses the spriggan berserker.
Your hellwing hits the ice dragon! Your hellwing hits the ice dragon.
Something hits your neqoxec!
The ice dragon breathes frost at your hellwing.
The blast of cold hits your hellwing.
Your hellwing dies!
The spriggan berserker mumbles some strange prayers to Trog.
The elephant goes berserk!
Your neqoxec completely misses the spriggan berserker.
You are no longer poisoned.
You hear a bellow!
The elephant rages.
The ice dragon bites your neqoxec. The ice dragon claws your neqoxec.
The ice dragon tramples your neqoxec!
Your neqoxec is shoved backwards!
Your neqoxec hits the ice dragon. The ice dragon bites your neqoxec.
Your neqoxec dies!
The ice dragon roars deafeningly!
The death yak rages.
You see here 14 poisoned needles.
The spriggan berserker is no longer regenerating.
The spriggan berserker is no longer resistant to hostile enchantments.
You hear a bellow!
You block the elephant's attack.
The elephant trunk-slaps you but does no damage.
There is a stone staircase leading up here.
The elephant closely misses you.
The elephant trunk-slaps you but does no damage.
You hear a bellow!
The spriggan berserker mumbles some strange prayers to Trog.
The spriggan berserker goes berserk!
You climb upwards.
There is a stone staircase leading down here.
Unknown command.
Unknown command.
There is a stone staircase leading down here.
You feel much better.
You feel much better.
There is a stone staircase leading down here.
You climb downwards.
You block the elephant's attack.
The elephant trunk-slaps you but does no damage.
The spriggan berserker hits you but does no damage.
The elephant tramples you but does no damage.
You block the elephant's attack.
You block the spriggan berserker's attack.
There is a stone staircase leading up here.
Unknown command.
You slash the death yak!
The death yak is lightly wounded.
You hit the spriggan berserker. You hit the elephant but do no damage.
The death yak gores you! You block the elephant's attack. x2
You block the spriggan berserker's attack.
Unknown command.
You slash the death yak!
The death yak is lightly wounded.
You hit the spriggan berserker.
You feel better.
You hit the elephant. The death yak barely misses you.
The elephant barely misses you.
The elephant trunk-slaps you but does no damage.
You block the spriggan berserker's attack.
Unknown command.
You are feeling hungry.
You hit the death yak.
The death yak is lightly wounded.
You closely miss the spriggan berserker.
You slash the elephant! You block the death yak's attack.
The elephant tramples you but does no damage.
You block the elephant's attack.
The spriggan berserker hits you with a hand axe!!!
* * * LOW HITPOINT WARNING * * *
Unknown command.
You are too injured to fight recklessly!
Unknown command.
You block the death yak's attack. You block the elephant's attack.
The elephant trunk-slaps you but does no damage.
You block the spriggan berserker's attack.
The death yak gores you!!
* * * LOW HITPOINT WARNING * * *
The elephant misses you. The elephant trunk-slaps you.
You climb upwards.
The elephant is no longer berserk.
The elephant disappears in a puff of smoke!
The death yak is no longer berserk.
The death yak disappears in a puff of smoke!
There is a stone staircase leading down here.
Unknown command.
Unknown command.
Unknown command.
Unknown command.
Unknown command.
The spriggan berserker hits you with a hand axe!!
You die...

#################################
................@................
#.#######.#####i######.#####.####
#.# #.# #.# #.# ### #.# #.# #.#
#)# #### #.# #.# #.# #.# #P..
#.#######.#####.# #.#######...
................######......##...
#####.#########........#######...
# #.# #.######.# #...


You could see a spriggan berserker (berserk).

Vanquished Creatures
  A pearl dragon (Depths:1)
  Frances (D:13)
  Agnes (Spider:3)
  2 fire giants
  3 ghost moths
  An emperor scorpion (Spider:4)
  An entropy weaver (Spider:3)
  A stone giant (Depths:2)
  An ophan (Depths:1)
  An apis (Depths:1)
  2 vampire knights (Depths:1)
  Nessos (D:15)
  2 spark wasps (Spider:4)
  A deep elf death mage (Depths:2)
  2 fire dragons (Depths:1)
  Josephine (D:11)
  2 ogre magi (Depths:1)
  A vault guard (D:13)
  4 hydras
  An ice dragon (Swamp:4)
  2 centaur warriors (D:15)
  15 two-headed ogres
  5 tengu warriors
  7 alligators
  A vampire mage (Depths:1)
  2 deep troll earth magi (Depths:2)
  5 deep trolls (Depths:2)
  A wizard (Depths:1)
  An unseen horror (D:12)
  3 swamp dragons
  2 phantasmal warriors (Depths:1)
  A mana viper (D:8)
  3 manticores
  A deep elf mage (D:12)
  9 orb spiders
  14 wolf spiders
  4 ugly things
  A cyclops (D:12)
  3 slime creatures
  6 elephants (Lair:4)
  3 moths of wrath
  A centaur zombie (D:12)
  2 black mambas
  A guardian serpent (shapeshifter) (Depths:1)
  A black mamba (shapeshifter) (Depths:2)
  4 torpor snails (Lair:1)
  A gargoyle (D:15)
  29 spiny frogs
  A rime drake (Lair:6)
  7 komodo dragons
  A kobold demonologist (D:12)
  A tengu conjurer (Depths:2)
  2 freezing wraiths (Swamp:4)
  An efreet (D:15)
  4 demonic crawlers
  A meliai (Spider:4)
  3 hornets
  5 trolls
  14 tyrant leeches
  19 jumping spiders
  12 blink frogs
  4 bog bodies
  7 hippogriffs
  6 dream sheep (Lair:6)
  A spriggan (Swamp:3)
  16 tarantellas
  A water elemental (Depths:1)
  29 redbacks
  6 wraiths
  3 wyverns
  A human (D:8)
  A golden eye (Spider:4)
  Grum (D:8)
  26 yaks
  2 hungry ghosts (D:12)
  A vampire (D:14)
  2 hogs (D:8)
  2 hogs (shapeshifter)
  A basilisk (Lair:1)
  3 swamp worm simulacra (Swamp:4)
  13 vampire mosquitoes
  6 swamp worms
  6 insubstantial wisps (Swamp:2)
  12 water moccasins
  Menkaure (D:6)
  Edmund (D:5)
  An acid dragon (D:15)
  12 hydra simulacra (Swamp:4)
  2 porcupines
  5 orc warriors
  2 swamp drakes
  2 black bears
  10 ice beasts
  A phantom (D:12)
  An eye of draining (Spider:4)
  An eye of draining (shapeshifter) (D:15)
  2 sky beasts
  A sky beast (shapeshifter) (Depths:2)
  10 wolves
  10 centaurs
  A necrophage (D:9)
  7 ogres
  8 crocodiles
  A big kobold (D:7)
  18 bullfrogs
  5 scorpions
  9 killer bees
  4 howler monkeys
  4 crimson imps
  A bullfrog zombie (D:6)
  3 quasits
  5 centaur skeletons
  4 jellies
  11 hounds
  7 orc wizards
  2 bullfrog skeletons
  4 orc priests
  2 iguanas
  Ijyb (D:5)
  9 worker ants
  A hound zombie (D:5)
  A hound skeleton (D:8)
  5 worker ant zombies
  10 adders
  2 shadow imps
  3 oozes
  3 swamp drake simulacra (Swamp:4)
  2 adder skeletons
  3 worms
  A dart slug (D:5)
  3 leopard geckos
  32 orcs
  4 giant cockroaches
  9 goblins
  6 hobgoblins
  11 jackals
  6 quokkas
  A ball python (D:1)
  2 bats (D:2)
  12 kobolds
  2 leopard gecko skeletons (D:4)
  A leopard gecko zombie (D:5)
  2 quokka skeletons
  4 rats
  2 fungi
  2 plants
677 creatures vanquished.

Vanquished Creatures (collateral kills)
  Arachne (Spider:3)
  3 thorn hunters
  An azure jelly (Swamp:4)
  A ghost moth (Spider:4)
  2 emperor scorpions (Spider:4)
  A spark wasp (Spider:4)
  A fire dragon (D:15)
  A great orb of eyes (Depths:1)
  An ice dragon (Swamp:4)
  5 hydras
  2 centaur warriors
  3 alligators
  A death knight (D:12)
  2 two-headed ogres (D:11)
  Urug (D:11)
  2 swamp dragons
  4 orb spiders
  A salamander (D:15)
  5 ugly things
  6 wolf spiders
  2 cyclopes (D:13)
  A moth of wrath (Spider:3)
  3 elephants (Lair:4)
  A black mamba (Spider:4)
  A torpor snail (Lair:5)
  3 rime drakes
  5 spiny frogs
  A centaur skeleton (D:14)
  2 freezing wraiths (Swamp:4)
  A kobold demonologist (D:12)
  A komodo dragon (Lair:6)
  2 demonic crawlers (Spider:3)
  3 hornets
  A meliai (shapeshifter) (D:14)
  A troll (D:12)
  A slime creature (D:15)
  4 jumping spiders
  3 tyrant leeches
  A dream sheep (Lair:6)
  7 blink frogs
  3 bog bodies
  2 hippogriffs
  A spriggan (Swamp:1)
  7 redbacks
  8 tarantellas
  4 wraiths
  A hungry ghost (D:13)
  A basilisk (Lair:6)
  11 yaks
  4 vampire mosquitoes
  3 swamp worms (Swamp:3)
  A water moccasin (Lair:6)
  3 hydra simulacra (Swamp:4)
  2 porcupines (Lair:1)
  An ice beast (D:11)
  An orc warrior (D:14)
  A black bear (D:13)
  5 centaurs
  2 crocodiles
  5 bullfrogs
  3 killer bees
  An electric eel (Spider:3)
  2 jellies
  2 orc priests
  3 orc wizards
  A bullfrog skeleton (D:13)
  A worker ant (D:11)
  A shadow imp (D:13)
  An ooze (Lair:5)
  2 orcs
  A briar patch (Swamp:3)
  4 fungi
  4 plants
180 creatures vanquished.

Vanquished Creatures (others)
  An alligator (Swamp:4)
  A cyclops (D:12)
  2 jumping spiders (Spider:4)
  2 bog bodies (Swamp:4)
  3 insubstantial wisps (Swamp:4)
  3 centaurs
  A jelly (D:12)
  An orc (D:8)
  A kobold (D:7)
  14 fungi
  30 plants
59 creatures vanquished.

Grand Total: 916 creatures vanquished

Notes
Turn   | Place    | Note
-------+----------+-------------------------------------------
     0 | D:1      | dstrtnsr the Deep Dwarf Fighter began the quest for the Orb.
     0 | D:1      | Reached XP level 1. HP: 20/20 MP: 1/1
   104 | D:1      | Reached XP level 2. HP: 27/27 MP: 2/2
   235 | D:2      | Reached XP level 3. HP: 31/33 MP: 3/3
   473 | D:4      | Reached XP level 4. HP: 33/42 MP: 4/4
   501 | D:4      | Noticed an ogre
   508 | D:4      | Killed an ogre
   508 | D:4      | Reached XP level 5. HP: 36/49 MP: 5/5
   611 | D:4      | Found a staircase to the Ecumenical Temple.
   635 | Temple   | Entered the Ecumenical Temple
   683 | Temple   | Became a worshipper of Makhleb the Destroyer
   739 | D:4      | Reached skill level 1 in Invocations
   829 | D:4      | Reached XP level 6. HP: 31/56 MP: 5/7
  1062 | D:5      | Entered Level 5 of the Dungeon
  1162 | D:5      | Reached skill level 2 in Invocations
  1163 | D:5      | Found a shattered altar of Ashenzari.
  1267 | D:5      | Found a hazy altar of Hepliaklqana.
  1272 | D:5      | Reached skill level 5 in Axes
  1314 | D:5      | Noticed Ijyb
  1322 | D:5      | Killed Ijyb
  1429 | D:5      | Noticed Edmund
  1442 | D:5      | HP: 19/57 [poisoned by Edmund]
  1449 | D:5      | Killed Edmund
  1449 | D:5      | Reached skill level 3 in Invocations
  1449 | D:5      | Reached XP level 7. HP: 36/64 MP: 8/8
  1452 | D:5      | HP: 25/64 [poisoned by Edmund]
  1535 | D:5      | HP: 25/64 [bullfrog (4)]
  1705 | D:5      | HP: 25/64 [centaur/arrow (5)]
  1712 | D:5      | Reached skill level 4 in Invocations
  1779 | D:5      | Reached skill level 5 in Shields
  1974 | D:6      | Reached skill level 5 in Armour
  2007 | D:6      | HP: 25/64 [sky beast (3)]
  2011 | D:6      | Reached skill level 5 in Invocations
  2011 | D:6      | Reached XP level 8. HP: 24/73 MP: 10/10
  2056 | D:6      | Found a bloodstained altar of Trog.
  2299 | D:6      | Noticed Menkaure
  2301 | D:6      | HP: 25/73 [??? (12)]
  2307 | D:6      | HP: 22/73 [??? (9)]
  2312 | D:6      | Killed Menkaure
  2339 | D:6      | Found a white marble altar of Elyvilon.
  2489 | D:7      | Reached skill level 1 in Evocations
  2521 | D:7      | HP: 26/73 [centaur/arrow (4)]
  2531 | D:7      | Reached skill level 6 in Invocations
  2626 | D:7      | Reached * piety under Makhleb
  2681 | D:7      | Found a flagged portal.
  2747 | D:7      | HP: 29/73 [orc wizard/magic dart (1)]
  2885 | D:7      | HP: 22/73 [ogre/giant club (9)]
  2954 | D:7      | Gained mutation: You passively map the area around you. [Deep Dwarf growth]
  2954 | D:7      | Reached XP level 9. HP: 35/80 MP: 12/12
  3095 | D:8      | Reached skill level 5 in Fighting
  3095 | D:8      | Reached skill level 7 in Invocations
  3136 | D:8      | Noticed Psyche
  3140 | D:8      | Noticed Psyche
  3140 | D:8      | Psyche changed into Psyche the blink frog
  3149 | D:8      | Killed Psyche the blink frog
  3320 | D:8      | Noticed a two-headed ogre
  3320 | D:8      | Noticed a mana viper
  3320 | D:8      | a two-headed ogre changed into a mana viper
  3333 | D:8      | Killed a mana viper
  3444 | D:8      | Reached skill level 8 in Invocations
  3570 | D:8      | Found a staircase to the Lair.
  3579 | D:8      | Reached ** piety under Makhleb
  3616 | D:8      | Noticed Grum
  3620 | D:8      | HP: 31/81 [ice beast (7)]
  3622 | D:8      | Noticed a komodo dragon
  3624 | D:8      | Reached XP level 10. HP: 39/90 MP: 14/14
  3652 | D:7      | Reached skill level 9 in Invocations
  3795 | D:8      | HP: 32/91 [Grum/halberd of venom (8)]
  3798 | D:8      | Killed Grum
  3814 | D:8      | Found a snail-covered altar of Cheibriados.
  4185 | D:8      | HP: 33/91 [komodo dragon (12)]
  4186 | D:8      | HP: 13/91 [komodo dragon (20)]
  4191 | D:8      | HP: 24/91 [komodo dragon (23)]
  4205 | D:8      | Reached skill level 5 in Evocations
  4262 | D:9      | Noticed a two-headed ogre
  4282 | D:9      | Killed a two-headed ogre
  4391 | D:9      | HP: 35/91 [orc warrior/mace of draining (10)]
  4421 | D:9      | Found a glowing silver altar of Zin.
  4421 | D:9      | Found a shimmering altar of Xom.
  4452 | D:9      | Noticed a fire giant
  4485 | D:10     | Entered Level 10 of the Dungeon
  4496 | D:10     | Reached skill level 10 in Invocations
  4509 | D:10     | Noticed a two-headed ogre
  4518 | D:10     | HP: 31/91 [two-headed ogre/giant spiked club (16)]
  4526 | D:10     | HP: 34/91 [two-headed ogre/giant spiked club (10)]
  4537 | D:10     | Killed a two-headed ogre
  4905 | D:10     | Reached *** piety under Makhleb
  5135 | D:10     | Reached skill level 10 in Axes
  5160 | D:10     | Reached XP level 11. HP: 78/98 MP: 9/9
  5569 | D:11     | Noticed Urug
  5578 | D:11     | Killed Urug
  5578 | D:11     | Reached skill level 11 in Invocations
  5624 | D:11     | Noticed a two-headed ogre
  5635 | D:11     | HP: 38/99 [two-headed ogre/giant club (23)]
  5637 | D:11     | Killed a two-headed ogre
  5662 | D:11     | Noticed Josephine
  5670 | D:11     | HP: 38/99 [Josephine/ghostly fireball (4)]
  5674 | D:11     | Killed Josephine
  5710 | D:11     | Found Nigrol's Antique Armour Boutique.
  5897 | D:11     | Reached **** piety under Makhleb
  5935 | D:11     | Noticed a red ugly thing
  5939 | D:11     | HP: 19/99 [red ugly thing (21)]
  5947 | D:11     | HP: 30/99 [red ugly thing (7)]
  5954 | D:11     | Killed a red ugly thing
  6107 | D:12     | Found a staircase to the Orcish Mines.
  6107 | D:12     | Noticed a brown ugly thing
  6159 | D:12     | Found a flickering gateway to a bazaar.
  6159 | D:12     | Noticed a two-headed ogre
  6174 | D:11     | Killed a two-headed ogre
  6218 | D:12     | Reached skill level 12 in Invocations
  6232 | D:12     | Noticed a deep elf mage
  6244 | D:12     | Killed a deep elf mage
  6319 | D:12     | Reached XP level 12. HP: 93/109 MP: 12/12
  6350 | D:12     | HP: 38/109 [red ugly thing (6)]
  6383 | D:12     | HP: 35/109 [sun demon[a kobold demonologist] (13)]
  6538 | D:12     | Noticed a death knight
  6576 | D:12     | Killed a death knight
  6724 | Bazaar   | Entered a bazaar
  6745 | Bazaar   | Found Ipaogrib's Food Boutique.
  6758 | Bazaar   | Found Innosed's Antique Armour Shop.
  6772 | Bazaar   | Found Riqofuuj's Food Boutique.
  6786 | Bazaar   | Found Roep's Armour Shop.
  6797 | Bazaar   | Found Elyerot's Food Boutique.
  6823 | Bazaar   | Found Wuomup Mung's Distillery.
  6880 | Bazaar   | Bought a +2 helmet of see invisible for 258 gold pieces
  6917 | Bazaar   | Bought a potion of heal wounds for 40 gold pieces
  6917 | Bazaar   | Bought a potion of cancellation for 64 gold pieces
  6917 | Bazaar   | Bought a potion of curing for 24 gold pieces
  6917 | Bazaar   | Bought a potion of degeneration for 8 gold pieces
  7170 | D:13     | Noticed a two-headed ogre
  7177 | D:13     | Killed a two-headed ogre
  7215 | D:13     | Noticed a centaur warrior
  7222 | D:13     | Reached skill level 13 in Invocations
  7227 | D:13     | Killed a centaur warrior
  7320 | D:13     | Found Eleru's Weapon Emporium.
  7428 | D:13     | Noticed a six-headed hydra
  7449 | D:13     | Killed a six-headed hydra
  7564 | D:13     | Noticed a four-headed hydra
  7573 | D:13     | Killed a four-headed hydra
  7642 | D:13     | Found a gate to the Vaults.
  7642 | D:13     | Noticed a vault guard
  7650 | D:13     | Killed a vault guard
  7716 | D:13     | Noticed Frances
  7750 | D:13     | Killed Frances
  7819 | D:14     | Found an opulent altar of Gozag.
  8152 | D:14     | Noticed a two-headed ogre
  8168 | D:14     | Killed a two-headed ogre
  8168 | D:14     | Reached XP level 13. HP: 103/117 MP: 13/13
  8229 | D:14     | HP: 37/117 [white ugly thing (20)]
  8993 | D:15     | Entered Level 15 of the Dungeon
  9002 | D:15     | HP: 46/117 [acid (3)]
  9144 | D:15     | Reached skill level 14 in Invocations
  9421 | D:15     | Noticed Nessos
  9430 | D:15     | Killed Nessos
  9587 | D:15     | Noticed a fire dragon
  9630 | D:15     | Killed a fire dragon
  9638 | D:15     | Reached skill level 10 in Armour
  9639 | D:15     | HP: 47/118 [salamander/trident (2)]
  9678 | D:15     | Found a staircase to the Depths.
  9986 | Lair:1   | Entered Level 1 of the Lair of Beasts
  9994 | Lair:1   | Reached skill level 10 in Shields
 10064 | Lair:1   | Reached skill level 10 in Evocations
 10339 | Lair:1   | Found a snail-covered altar of Cheibriados.
 10850 | Lair:2   | Reached skill level 15 in Invocations
 11456 | Lair:2   | Gained mutation: You resist negative energy. (rN+) [Deep Dwarf growth]
 11456 | Lair:2   | Reached XP level 14. HP: 127/127 MP: 13/13
 11501 | Lair:2   | HP: 44/127 [tyrant leech (22)]
 11507 | Lair:2   | HP: 40/127 [tyrant leech (20)]
 11581 | Lair:3   | Found a hole to the Spider Nest.
 11726 | Lair:3   | Found a staircase to the Swamp.
 12675 | Lair:4   | Found a sparkling altar of Nemelex Xobeh.
 12930 | Lair:4   | HP: 51/129 [14-headed hydra (10)]
 12933 | Lair:4   | HP: 25/129 [16-headed hydra (1)]
 12940 | Lair:4   | HP: 50/129 [16-headed hydra (7)]
 13739 | Lair:5   | HP: 44/129 [five-headed hydra (1)]
 13840 | Lair:5   | Found a staircase to the Slime Pits.
 14169 | Lair:6   | Entered Level 6 of the Lair of Beasts
 14305 | Lair:6   | Reached skill level 16 in Invocations
 14648 | Lair:6   | Reached ***** piety under Makhleb
 15169 | Spider:1 | Entered Level 1 of the Spider Nest
 15214 | Swamp:1  | Entered Level 1 of the Swamp
 15229 | Swamp:1  | Noticed a thorn hunter
 15247 | Swamp:1  | Killed a thorn hunter
 16029 | Swamp:2  | Reached XP level 15. HP: 106/138 MP: 13/13
 16217 | Swamp:2  | HP: 45/138 [alligator[an alligator] (13)]
 16224 | Swamp:2  | Reached skill level 15 in Axes
 16508 | Swamp:2  | HP: 53/138 [alligator (20)]
 16513 | Swamp:2  | HP: 47/138 [alligator (4)]
 16523 | Swamp:2  | Reached skill level 17 in Invocations
 16563 | Swamp:3  | Noticed a thorn hunter
 16566 | Swamp:3  | HP: 51/138 [thorn hunter (5)]
 16575 | Swamp:3  | HP: 55/138 [thorn hunter/volley of thorns (21)]
 16580 | Swamp:3  | HP: 45/138 [thorn hunter/volley of thorns (19)]
 16580 | Swamp:3  | Killed a thorn hunter
 16584 | Swamp:3  | HP: 18/138 [tyrant leech (27)]
 16595 | Swamp:3  | HP: 54/138 [some deep water collision (11)]
 16613 | Swamp:3  | HP: 31/138 [spriggan rider/spear (12)]
 16755 | Swamp:3  | Noticed a thorn hunter
 16767 | Swamp:3  | Killed a thorn hunter
 16794 | Swamp:4  | Entered Level 4 of the Swamp
 16846 | Swamp:4  | Reached skill level 1 in Dodging
 16876 | Swamp:4  | HP: 49/138 [freezing wraith (11)]
 16961 | Swamp:4  | HP: 53/138 [six-headed hydra simulacrum (35)]
 16961 | Swamp:4  | HP: 12/138 [six-headed hydra simulacrum (23)]
 16971 | Swamp:4  | Reached skill level 10 in Fighting
 16994 | Swamp:4  | Noticed an azure jelly
 17011 | Swamp:4  | Killed an azure jelly
 17023 | Swamp:4  | HP: 45/138 [eight-headed hydra simulacrum (17)]
 17047 | Swamp:4  | HP: 30/138 [ice dragon/blast of cold (21)]
 17053 | Swamp:4  | HP: 6/138 [ice dragon/blast of cold (45)]
 17085 | Swamp:4  | Got a decaying rune of Zot
 17838 | Spider:3 | Noticed Agnes
 17854 | Spider:3 | Killed Agnes
 17872 | Spider:3 | Noticed Arachne
 17899 | Spider:3 | Killed Arachne
 18292 | Spider:4 | Entered Level 4 of the Spider Nest
 18292 | Spider:4 | Noticed a ghost moth
 18328 | Spider:3 | Killed a ghost moth
 18328 | Spider:3 | Reached skill level 18 in Invocations
 18328 | Spider:3 | Reached XP level 16. HP: 113/147 MP: 0/9
 18478 | Spider:4 | HP: 56/147 [disintegration (29)]
 18486 | Spider:4 | HP: 58/147 [wolf spider (9)]
 18517 | Spider:3 | HP: 58/147 [entropy weaver (13)]
 18518 | Spider:3 | HP: 25/147 [entropy weaver (13)]
 18523 | Spider:3 | HP: 53/147 [entropy weaver (6)]
 18654 | Spider:4 | HP: 53/147 [emperor scorpion (10)]
 18659 | Spider:4 | HP: 49/147 [poisoned by an emperor scorpion]
 18664 | Spider:4 | HP: 53/147 [poisoned by an emperor scorpion]
 18810 | Spider:4 | HP: 55/147 [redback (7)]
 19097 | Spider:4 | Reached skill level 5 in Dodging
 19097 | Spider:4 | Reached XP level 17. HP: 133/154 MP: 4/6
 19140 | Spider:4 | HP: 61/154 [poisoned by a hornet]
 19149 | Spider:4 | HP: 56/154 [emperor scorpion (18)]
 19159 | Spider:4 | HP: 56/154 [tarantella (8)]
 19276 | Spider:4 | HP: 51/154 [emperor scorpion (20)]
 19283 | Spider:4 | HP: 57/154 [emperor scorpion (17)]
 19305 | Spider:4 | HP: 38/156 [emperor scorpion (2)]
 19312 | Spider:4 | HP: 36/156 [emperor scorpion (10)]
 19321 | Spider:4 | HP: 57/156 [emperor scorpion (14)]
 19355 | Spider:4 | Got a gossamer rune of Zot
 19793 | Depths:1 | Entered Level 1 of the Depths
 19930 | Depths:1 | Paralysed by a vampire knight for 3 turns
 19931 | Depths:1 | HP: 62/156 [vampire knight/glaive (31)]
 19937 | Depths:1 | Reached skill level 19 in Invocations
 20063 | Depths:1 | HP: 56/156 [vampire knight/great mace (10)]
 20118 | Depths:1 | Found Begurchyl's Gadget Boutique.
 20118 | Depths:1 | Found Riduas's Jewellery Shoppe.
 20120 | Depths:1 | Found Reifeo's Gadget Boutique.
 20127 | Depths:1 | Bought the ring "Aqed" {rElec rPois MR+ MP+9 Dex-2} for 792 gold pieces
 20301 | Depths:1 | HP: 54/156 [ogre mage/bolt of lightning (11)]
 20317 | Depths:1 | HP: 59/156 [two-headed ogre/giant spiked club (5)]
 20379 | Depths:1 | Found a gateway to Hell.
 20693 | Depths:1 | Noticed a pearl dragon
 20706 | Depths:1 | Killed a pearl dragon
 20707 | Depths:1 | HP: 60/157 [something (12)]
 20732 | Depths:1 | Found a white marble altar of Elyvilon.
 20732 | Depths:1 | Found a glowing golden altar of the Shining One.
 20732 | Depths:1 | Found a glowing silver altar of Zin.
 20951 | Depths:1 | HP: 44/157 [fire dragon/blast of flame (28)]
 20970 | Depths:1 | HP: 35/157 [fire dragon/blast of flame (49)]
 20973 | Depths:1 | HP: 16/157 [two-headed ogre/giant club (6)]
 21178 | Depths:2 | HP: 60/157 [deep troll (4)]
 21184 | Depths:2 | HP: 57/157 [deep troll (7)]
 21204 | Depths:2 | Gained mutation: You passively map a large area around you. [Deep Dwarf growth]
 21204 | Depths:2 | Reached XP level 18. HP: 100/165 MP: 3/3
 21217 | Depths:2 | Found a gateway to Hell.
 21284 | Depths:2 | HP: 55/165 [fire giant/fireball (27)]
 21291 | Depths:2 | HP: 8/165 [fire giant/bolt of fire (47)]
 21300 | Depths:2 | HP: 61/165 [deep elf death mage/bolt of negative energy (10)]
 21307 | Depths:2 | HP: 56/165 [ghostly deep elf death mage/short sword of venom (3)]
 21313 | Depths:2 | HP: 40/165 [ghostly deep elf death mage/vampiric draining (4)]
 21321 | Depths:2 | HP: 45/165 [spriggan berserker/hand axe (8)]
 21345 | Depths:2 | HP: 46/165 [spriggan berserker/hand axe (36)]
 21346 | Depths:2 | HP: 18/165 [death yak[a spriggan berserker] (28)]
 21348 | Depths:1 | Slain by a spriggan berserker

Vault maps used:
D:1:      evilmike_arrival_hilbert_curve
D:2:      marbit_many_paths, lemuel_round_altar,
          chequers_ecumenical_altar_island, first_ration,
          minmay_misc_feat_more_columns, solitary_fountain, kennysheep_potato,
          uniq_natasha
D:3:      kennysheep_vampire_church, minmay_misc_feat_encased
D:4:      minmay_temple_entry_purple_smoke, minmay_misc_feat_alley
D:5:      kennysheep_little_box, old_standard_altar, basic_altar, uniq_ijyb,
          uniq_edmund
D:6:      lemuel_doored_altar, nicolae_overflow_crystal_walls, uniq_menkaure
D:7:      kennysheep_mini_moat, nicolae_ru_great_annihilating_truth,
          lemuel_mausoleum_altar_yredelemnul, enter_bailey_3
D:8:      corexii_shack_village, nicolae_dithmenos_through_a_glass_darkly,
          overflow_temple_1_default, david_lair_shrubbed, grunt_livestock,
          minmay_bent, uniq_grum, uniq_psyche
D:9:      overflow_temple_1_default, minmay_misc_feat_plants,
          jmf_multi_god_temple
D:10:     grunt_decor_clamped, roderic_serpentine_path
D:11:     serial_shops, nicolae_shop_behind_doors, uniq_urug, uniq_josephine
D:12:     orc_0_dummy, serial_shops, bzr_entry_customers
D:13:     david_vaults_5, serial_shops, shop, uniq_frances
D:14:     nicolae_gozag_seed_capital, corexii_corridor_pit,
          minmay_misc_feat_room
D:15:     hangedman_depths_entry_try_elsewhere_first, minivault_23,
          minmay_liquid_box, uniq_nessos
Temple:   nicolae_temple_figure_zero
Lair:1:   kennysheep_snail_temple
Lair:2:   worms_lemuel
Lair:3:   swamp_mist_pool, spider_nest_entry_a, infiniplex_staircase_pool
Lair:4:   basic_altar, beast_lair_carwin_9
Lair:5:   nicolae_slime_entry_slimehenge, grunt_megastairs_5, lemuel_fruit_tree
Lair:6:   minmay_lair_end_frog_pond
Swamp:1:  hangedman_swamp_diagram, swamp_pool1
Swamp:2:  nicolae_swamp_godswood, infiniplex_staircase_pool_2
Swamp:3:  evilmike_swamp_ruin_house_2
Swamp:4:  swamp_icy
Spider:1: spider_trap
Spider:2: guppyfry_spider_mini_2, nicolae_spider_cling_halls
Spider:3: uniq_arachne, uniq_agnes
Spider:4: spider_rune_water
Depths:1: pf_coc_iceberg, serial_sigils_hangedman_stare, basic_loot_grate_trap,
          hallowed_hall, minmay_shop_grove, serial_bayou_shore_b
Depths:2: evilmike_diamond_2, hangedman_tar_grid_catacomb,
          minmay_misc_feat_tower
Bazaar:   bazaar_minmay_snake

Skill      XL: |  1  2  3  4  5  6  7  8  9 10 11 12 13 14 15 16 17 |
---------------+----------------------------------------------------+-----
Axes           | 3 4 5 6 7 8 10 11 12 13 14 15 16 17 | 17.2
Fighting       | 3 4 5 6 7 8 9 10 11 | 11.2
Armour         | 4 5 6 7 8 9 10 11 12 13 | 13.1
Shields        | 4 5 6 7 8 9 10 11 12 13 | 13.0
Invocations    | 1 3 5 6 8 10 12 13 15 16 18 19 | 19.5
Evocations     | 2 4 6 7 9 10 | 10.0
Dodging        | 3 5 6 |  6.5

Action                   |  1- 3 |  4- 6 |  7- 9 | 10-12 | 13-15 | 16-18 || total
-------------------------+-------+-------+-------+-------+-------+-------++-------
Melee: War axe           |    81 |   108 |   248 |    32 |  1707 |   848 ||  3024
       Hand axe          |       |       |    96 |   709 |       |       ||   805
Invok: Lesser Servant of |       |       |       |    23 |    71 |    25 ||   119
 Abil: Heal Wounds       |       |     3 |    11 |    32 |    38 |    37 ||   121
Evoke: Wand              |       |       |     4 |     1 |    40 |    17 ||    62
       Phial of floods   |       |       |       |       |     1 |     2 ||     3
       Box of beasts     |       |       |       |       |       |     1 ||     1
  Use: Scroll            |       |       |     4 |    13 |    15 |     5 ||    37
       Potion            |       |       |     2 |       |     4 |    10 ||    16
 Stab: Distracted        |       |       |       |     8 |    28 |     9 ||    45
       Paralysed         |       |       |       |       |     2 |       ||     2
  Eat: Chunk             |       |     1 |     9 |    10 |    31 |     4 ||    55
       Ration            |       |       |       |     4 |     1 |     2 ||     7
Armor: Scale mail        |    30 |    41 |    10 |       |       |       ||    81
       Chain mail        |       |       |   133 |   222 |   400 |       ||   755
       Skin              |       |       |     3 |       |       |       ||     3
       Swamp dragon scal |       |       |       |       |   139 |   221 ||   360
       Ice dragon scales |       |       |       |       |       |   118 ||   118
Dodge: Dodged            |    27 |    26 |    78 |   146 |   569 |   471 ||  1317
       Deflected         |       |       |       |     3 |    14 |     4 ||    21
Block: Shield            |    67 |    84 |   307 |   550 |  1439 |   907 ||  3354
       Reflection        |     5 |     3 |     8 |    27 |    20 |     3 ||    66

Table legend:
 A = Spawn XP
 B = Non-spawn XP
 C = Spawn XP percentage of total XP
 D = Spawn monster count
 E = Non-spawn monster count
 F = Spawn count percentage of total count
 G = Total turns spent on level
                    A         B        C        D         E        F      G
               +---------+---------+-------+---------+---------+-------+---------
         Total |       0 |  228072 |   0.0 |       0 |     852 |   0.0 | 21348
               +---------+---------+-------+---------+---------+-------+---------
           D:1 |       0 |      19 |   0.0 |       0 |      12 |   0.0 |   165
           D:2 |       0 |      40 |   0.0 |       0 |       9 |   0.0 |   127
           D:3 |       0 |      19 |   0.0 |       0 |       7 |   0.0 |   114
           D:4 |       0 |     339 |   0.0 |       0 |      21 |   0.0 |   595
           D:5 |       0 |     680 |   0.0 |       0 |      15 |   0.0 |   897
           D:6 |       0 |     696 |   0.0 |       0 |      13 |   0.0 |   517
           D:7 |       0 |    1499 |   0.0 |       0 |      29 |   0.0 |   570
           D:8 |       0 |    3464 |   0.0 |       0 |      33 |   0.0 |  1262
           D:9 |       0 |    3359 |   0.0 |       0 |      19 |   0.0 |   342
          D:10 |       0 |    3874 |   0.0 |       0 |      31 |   0.0 |  1044
          D:11 |       0 |    6560 |   0.0 |       0 |      55 |   0.0 |   722
          D:12 |       0 |    9256 |   0.0 |       0 |      46 |   0.0 |   686
          D:13 |       0 |    8545 |   0.0 |       0 |      42 |   0.0 |   754
          D:14 |       0 |    4916 |   0.0 |       0 |      21 |   0.0 |  1222
          D:15 |       0 |    9240 |   0.0 |       0 |      22 |   0.0 |   870
        Lair:1 |       0 |    8340 |   0.0 |       0 |      31 |   0.0 |   917
        Lair:2 |       0 |    6003 |   0.0 |       0 |      23 |   0.0 |   867
        Lair:3 |       0 |    2783 |   0.0 |       0 |      14 |   0.0 |  1030
        Lair:4 |       0 |    6465 |   0.0 |       0 |      25 |   0.0 |  1133
        Lair:5 |       0 |    3725 |   0.0 |       0 |      21 |   0.0 |   519
        Lair:6 |       0 |   17869 |   0.0 |       0 |      76 |   0.0 |   912
       Swamp:1 |       0 |    6524 |   0.0 |       0 |      17 |   0.0 |   815
       Swamp:2 |       0 |   10813 |   0.0 |       0 |      25 |   0.0 |   585
       Swamp:3 |       0 |    4390 |   0.0 |       0 |      11 |   0.0 |   320
       Swamp:4 |       0 |    9634 |   0.0 |       0 |      37 |   0.0 |   363
      Spider:1 |       0 |   15307 |   0.0 |       0 |      56 |   0.0 |   543
      Spider:2 |       0 |     809 |   0.0 |       0 |       2 |   0.0 |    36
      Spider:3 |       0 |   13118 |   0.0 |       0 |      23 |   0.0 |   612
      Spider:4 |       0 |   29406 |   0.0 |       0 |      67 |   0.0 |   984
      Depths:1 |       0 |   30729 |   0.0 |       0 |      35 |   0.0 |  1319
      Depths:2 |       0 |    9651 |   0.0 |       0 |      14 |   0.0 |   236
               +---------+---------+-------+---------+---------+-------+---------
